 Dungeon Crawl Stone Soup version 0.31-a0-174-g85c54bcb58 (webtiles) character file.

Game seed: 3762916392222777197

371 qw the Chopper (level 6, 0/40 HPs)
             Began as a Gargoyle Fighter on June 15, 2023.
             Slain by Pikel
             ... wielding a +0 whip of flaming
              (3 damage)
             ... on level 4 of the Dungeon.
             The game lasted 00:01:37 (2854 turns).

qw the Chopper (Gargoyle Fighter)                   Turns: 2854, Time: 00:01:37

Health: 0/40       AC: 19    Str: 22    XL:     6   Next: 71%
Magic:  6/6        EV:  8    Int:  8    God:
Gold:   203        SH:  4    Dex:  9    Spells: 5/5 levels left

rFire   . . .        Y - +1 war axe
rCold   + . .        c - +0 buckler
rNeg    + . .        a - +0 chain mail
rPois   inf          o - +0 helmet
rElec   +            k - +0 cloak
rCorr   .            i - +2 pair of gloves
SInv    .            (no boots)
Will    .....        (no amulet) Stlth
                     h - ring of protection from cold
HPRegen 0.26/turn    (no ring)
MPRegen 0.10/turn

%: no passive effects
@: no status effects
A: sickness immunity, AC +4, negative energy resistance 1, electricity
resistance, torment resistance 1, petrification resistance
a: no special abilities


You were on level 4 of the Dungeon.
You visited 1 branch of the dungeon, and saw 4 of its levels.

You collected 203 gold pieces.


Innate Abilities, Weirdness & Mutations

You are immune to sickness and miasma.
Your stone body is resilient. (AC +4)
You are immune to poison.
You resist negative energy. (rN+)
You are resistant to electric shocks. (rElec)
You are resistant to unholy torment.
You are immune to petrification.


   Skills:
 - Level 4.8 Fighting
 + Level 5.6 Axes
 - Level 3.2 Armour
 - Level 3.2 Shields


You had 5 spell levels left.
You didn't know any spells.
Your spell library was empty.

Inventory:

Hand Weapons
 g - a +0 flail
 Y - a +1 war axe (weapon)
Armour
 a - a +0 chain mail (worn)
 c - a +0 buckler (worn)
 i - a +2 pair of gloves (worn)
 k - a +0 cloak (worn)
 o - a +0 helmet (worn)
Jewellery
 h - a ring of protection from cold (left hand)
Wands
 m - a wand of digging (5)
Scrolls
 e - a scroll of fog {unknown}
 j - a scroll of identify
Potions
 b - a potion of mutation {unknown}
 d - a potion of might
 f - a potion of invisibility {unknown}
 l - a potion of curing {unknown}

Dungeon Overview and Level Annotations

Branches:
Dungeon (4/15)
 Temple: D:4-7

Altars:
Gozag

Shops:
D:3 ?

Annotations:
D:3 4 transporters, qw's ghost, amateur NaHu
D:4 Pikel


Message History

Pikel hits you but does no damage.
You hit Pikel but do no damage.
Pikel is lightly wounded.
Pikel closely misses you.
You closely miss Pikel.
Pikel is lightly wounded.
Pikel hits you with a +0 whip of flaming.
Pikel burns you.
You hit Pikel but do no damage.
Pikel is lightly wounded.
Pikel hits you but does no damage. Pikel barely misses you.
You hit Pikel.
Pikel is lightly wounded.
Pikel closely misses you.
You barely miss Pikel.
Pikel is lightly wounded.
Pikel hits you but does no damage.
You hit Pikel but do no damage.
Pikel is lightly wounded.
Pikel closely misses you.
Pikel hits you with a +0 whip of flaming.
Pikel burns you.
You closely miss Pikel.
Pikel is lightly wounded.
Pikel hits you with a +0 whip of flaming.
Pikel burns you.
You closely miss Pikel.
Pikel is lightly wounded.
Pikel barely misses you.
You barely miss Pikel.
Pikel is lightly wounded.
Pikel hits you but does no damage.
You slash Pikel!
Pikel is heavily wounded.
Pikel hits you with a +0 whip of flaming.
Pikel burns you.
Pikel says, "I'm sure they'll be treated well, anyway."
Pikel hits you with a +0 whip of flaming!
Pikel burns you.
You die...

#.# #.# #.#
#.# #.# #.#
#.#
.########.#
..h555K@..#
.##########


You could see Pikel, 3 lemures and a hound.

Vanquished Creatures
  A water moccasin (D:4)
  A lemure (D:4)
  A scorpion (D:4)
  An iguana (D:4)
  An orc wizard (D:3)
  4 gnolls (D:3)
  5 adders
  A worm (D:3)
  A dart slug (D:3)
  6 orcs
  5 endoplasms
  5 giant cockroaches
  3 goblins
  3 hobgoblins
  4 jackals
  7 kobolds
  10 ball pythons
  9 bats
  4 frilled lizards
  3 rats
75 creatures vanquished.

Notes
Turn   | Place    | Note
-------+----------+-------------------------------------------
     0 | D:1      | qw the Gargoyle Fighter began the quest for the Orb.
     0 | D:1      | Reached XP level 1. HP: 14/14 MP: 1/1
     0 | D:1      | 0 ||| qw: Version: 0.2-a-29-g511e9b1
     0 | D:1      | 0 ||| qw: Game counter: 5620
     0 | D:1      | 0 ||| qw: Always use a shield: true
     0 | D:1      | 0 ||| qw: God list: Okawaru
     0 | D:1      | 0 ||| qw: Allow faded altars: false
     0 | D:1      | 0 ||| qw: Do Orc after D:15 true
     0 | D:1      | 0 ||| qw: Do second Lair branch before Depths: true
     0 | D:1      | 0 ||| qw: Lair rune preference: random
     0 | D:1      | 0 ||| qw: Plans: Normal, Zot:1-4, Slime:5, God:TSO, Crypt,
                  | Tomb, Abyss, Pan, Hells, Win
     0 | D:1      | 0 ||| PLANNING D:1-11
    75 | D:1      | Reached skill level 2 in Axes
   283 | D:1      | Reached XP level 2. HP: 19/19 MP: 2/2
   771 | D:1      | 771 ||| UPGRADING to +0 pair of gloves.
   776 | D:1      | 776 ||| UPGRADING to +0 cloak.
   781 | D:1      | 781 ||| UPGRADING to +0 helmet.
   786 | D:1      | 786 ||| UPGRADING to ring of protection from cold.
   787 | D:1      | 787 ||| READING scroll labelled MEUSUS DIMIXEI.
   788 | D:1      | 788 ||| READING scroll labelled GISTRO MUKEALL.
   793 | D:1      | 793 ||| READING scroll labelled HUTINL POGY.
   794 | D:1      | 794 ||| READING 2 scrolls labelled MYANOE JEEMIUG.
   795 | D:1      | 795 ||| READING scroll labelled GAAN XUHOFOIC IMIF.
   819 | D:2      | Reached skill level 3 in Axes
   844 | D:2      | Reached XP level 3. HP: 23/23 MP: 3/3
  1256 | D:2      | Reached XP level 4. HP: 25/28 MP: 4/4
  1415 | D:2      | Reached skill level 4 in Axes
  1623 | D:2      | 1623 ||| READING 2 scrolls labelled ROTALA LORAH.
  1624 | D:2      | 1624 ||| READING scroll labelled KECWEFECLO.
  1625 | D:2      | 1625 ||| READING scroll labelled UHIDAIK YD ESK.
  1626 | D:2      | 1626 ||| READING scroll labelled SYNYME GIDERR.
  1627 | D:2      | 1627 ||| DROPPING scroll of noise.
  1713 | D:3      | 1713 ||| Stepping ~*~*~tactically~*~*~ (stealth).
  1731 | D:3      | 1731 ||| Stepping ~*~*~tactically~*~*~ (hiding).
  1732 | D:3      | 1732 ||| Stepping ~*~*~tactically~*~*~ (hiding).
  1758 | D:3      | 1758 ||| FLEEEEING.
  1826 | D:3      | 1826 ||| Stepping ~*~*~tactically~*~*~ (stealth).
  1835 | D:3      | Found a transporter.
  1837 | D:3      | Found Boshan's Magic Scroll Boutique.
  1850 | D:3      | 1850 ||| Stepping ~*~*~tactically~*~*~ (stealth).
  1908 | D:3      | Reached XP level 5. HP: 32/32 MP: 5/5
  1951 | D:3      | 1951 ||| Stepping ~*~*~tactically~*~*~ (stealth).
  1958 | D:3      | 1958 ||| Stepping ~*~*~tactically~*~*~ (stealth).
  1960 | D:3      | 1960 ||| Stepping ~*~*~tactically~*~*~ (stealth).
  1976 | D:3      | 1976 ||| Stepping ~*~*~tactically~*~*~ (stealth).
  1986 | D:3      | HP: 7/32 [gnoll/+0 club (5)]
  1988 | D:3      | Reached skill level 5 in Axes
  2089 | D:3      | 2089 ||| DROPPING +0 whip.
  2128 | D:3      | 2128 ||| Stepping ~*~*~tactically~*~*~ (hiding).
  2129 | D:3      | 2129 ||| Stepping ~*~*~tactically~*~*~ (hiding).
  2328 | D:3      | Found a transporter.
  2331 | D:3      | Noticed qw's ghost (amateur NaHu)
  2332 | D:3      | Found a transporter.
  2425 | D:3      | Found a transporter.
  2430 | D:3      | 2430 ||| UPGRADING to +0 chain mail.
  2440 | D:3      | 2440 ||| DROPPING +0 scale mail.
  2441 | D:3      | 2441 ||| UPGRADING to +2 pair of gloves.
  2451 | D:3      | 2451 ||| DROPPING +0 pair of gloves.
  2525 | D:4      | Noticed a water moccasin
  2532 | D:4      | Killed a water moccasin
  2533 | D:4      | Reached XP level 6. HP: 40/40 MP: 6/6
  2579 | D:4      | 2579 ||| Stepping ~*~*~tactically~*~*~ (stealth).
  2777 | D:4      | Found an opulent altar of Gozag.
  2835 | D:4      | Noticed Pikel
  2854 | D:4      | HP: 10/40 [Pikel/+0 whip of flaming (2)]
  2854 | D:4      | HP: 3/40 [Pikel/+0 whip of flaming (7)]
  2854 | D:4      | Slain by Pikel

Levels and vault maps discovered:
D:1:      dpeg_arrival_round_c, layout_basic
D:2:      minmay_chambers_of_ones, layout_basic, bh_walls_and_bars
D:3:      layout_basic, serial_shops, nicolae_shop_drivethru,
          gammafunk_ghost_mausoleum
D:4:      layout_loops_ring, nicolae_gozag_cash_rules_everything_around_me,
          lemuel_tele_altar, minmay_diced_spiral, uniq_eustachio, uniq_pikel

Skill      XL: |  1  2  3  4  5 |
---------------+----------------+-----
Axes           | 2 3 4 5 |  5.6
Fighting       | 4 |  4.8
Armour         | |  3.2
Shields        | |  3.2

Action                     |  1- 3 |  4- 6 || total
---------------------------+-------+-------++-------
  Melee: War axe           |    87 |   162 ||   249
  Throw: Boomerang         |       |     2 ||     2
    Use: Scroll            |     5 |     4 ||     9
 Armour: Scale mail        |    52 |    36 ||    88
         Chain mail        |       |    46 ||    46
  Dodge: Dodged            |    40 |    61 ||   101
  Block: Buckler           |    10 |    25 ||    35

Table legend:
 A = Non-vault XP
 B = Vault XP
 C = Vault XP percentage of total XP
 D = Non-vault monster count
 E = Vault monster count
 F = Vault count percentage of total count
                 A         B        C        D         E       F
            +---------+---------+-------+---------+---------+-------
      Total |     280 |     251 |  47.3 |      64 |      10 |  13.5
            +---------+---------+-------+---------+---------+-------
        D:1 |      29 |       0 |   0.0 |      17 |       0 |   0.0
        D:2 |      59 |      18 |  23.4 |      16 |       5 |  23.8
        D:3 |     128 |       0 |   0.0 |      21 |       0 |   0.0
        D:4 |      64 |     233 |  78.5 |      10 |       5 |  33.3
            +---------+---------+-------+---------+---------+-------
